 Dungeon Crawl Stone Soup version 0.17.0-24-gcfadda4 (console) character file.

8492 Kloppie the Severer (level 11, -11/82 HPs)
             Began as a Hill Orc Fighter on Nov 18, 2015.
             Was an Elder of Makhleb.
             Mangled by a cyclops (24 damage)
             ... on level 11 of the Dungeon.
             The game lasted 00:17:18 (9686 turns).

Kloppie the Severer (Hill Orc Fighter)              Turns: 9686, Time: 00:17:18

Health: -11/82     AC: 17    Str: 30    XL:     11   Next: 31%
Magic:  11/11      EV:  7    Int:  8    God:    Makhleb [****..]
Gold:   401        SH:  0    Dex: 19    Spells: 0 memorised, 10 levels left

rFire  . . .     SeeInvis +     E - +0 battleaxe (freeze)
rCold  . . .     Clarity  .     J - +0 plate armour
rNeg   . . .     SustAt   .     (shield currently unavailable)
rPois  .         Gourm    .     x - +1 helmet
rElec  .         Spirit   .     (no cloak)
rCorr  .         Warding  .     l - +2 pair of gloves
rMut   .         Stasis   .     G - +0 pair of boots
MR     .....                    (no amulet)
Stlth  ..........               h - ring of see invisible
                                r - ring of Ru's Favour {Str+5 Dex+6 Stlth+}

@: mighty, not resistant to hostile enchantments, extremely unstealthy
A: no striking features
a: Minor Destruction, Lesser Servant of Makhleb, Major Destruction, Renounce
Religion


You were on level 11 of the Dungeon.
You worshipped Makhleb.
Makhleb was greatly pleased with you.
You were hungry.

You visited 2 branches of the dungeon, and saw 12 of its levels.

You collected 497 gold pieces.
You spent 96 gold pieces at shops.

Inventory:

Hand Weapons
 a - a +1 war axe
 E - a +0 battleaxe of freezing (weapon)
Armour
 l - a +2 pair of gloves (worn)
 x - a +1 helmet (worn)
 G - a +0 pair of boots (worn)
 J - a +0 plate armour (worn)
Jewellery
 h - a ring of see invisible (right hand)
 r - the ring of Ru's Favour (left hand) {Str+5 Dex+6 Stlth+}
   (You found it on level 6 of the Dungeon)

   [ring of strength]

   It affects your strength (+5).
   It affects your dexterity (+6).
   It makes you more stealthy.
 A - an uncursed ring of stealth
 B - an uncursed ring of sustain attributes
Wands
 D - a wand of frost (29)
 P - a wand of paralysis (10)
 Q - a wand of disintegration (13)
Scrolls
 b - 3 scrolls of fog
 i - 8 scrolls of identify
 n - a scroll of enchant weapon
 o - 8 scrolls of remove curse
 t - a scroll of amnesia
 u - a scroll of teleportation
 w - 2 scrolls of fear
 z - a scroll of recharging
 F - a scroll of blinking
Potions
 d - 2 potions of might
 g - 2 potions of magic
 j - a potion of mutation
 k - 3 potions of invisibility
 m - 5 potions of brilliance
 p - 2 potions of resistance
 v - a potion of haste
 N - a potion of curing {unknown}
Books
 c - a book of the Earth

   Spells                             Type                      Level
   a - Leda's Liquefaction            Hexes/Earth                  4
   b - Bolt of Magma                  Conjuration/Fire/Earth       5
   c - Statue Form                    Transmutation/Earth          6
   d - Iron Shot                      Conjuration/Earth            6
   e - Shatter                        Earth                        9
 y - a book of Summonings

   Spells                             Type                      Level
   a - Recall                         Summoning/Translocation      3
   b - Aura of Abjuration             Summoning                    5
   c - Shadow Creatures               Summoning                    5
   d - Summon Demon                   Summoning                    5
   e - Summon Forest                  Summoning/Translocation      5
   f - Summon Mana Viper              Hexes/Summoning              5
 M - a Fen Folio

   Spells                             Type                      Level
   a - Corpse Rot                     Necromancy                   2
   b - Stone Arrow                    Conjuration/Earth            3
   c - Leda's Liquefaction            Hexes/Earth                  4
   d - Summon Forest                  Summoning/Translocation      5
   e - Hydra Form                     Transmutation                6
   f - Summon Hydra                   Summoning                    7
Comestibles
 e - 9 bread rations
 f - 5 beef jerkies
 q - 5 fruits
 s - 6 meat rations
 C - 2 royal jellies
 I - 3 slices of pizza


   Skills:
 - Level 3.6 Fighting
 + Level 20.2 Axes
 - Level 3.2 Armour
   Level 3.2 Shields


You had 10 spell levels left.
You didn't know any spells.

Dungeon Overview and Level Annotations

Branches:
Dungeon (11/15)            Temple (1/1) D:5            Lair (0/8) D:10
    Orc: D:9-12

Altars:
Ashenzari
Cheibriados
Elyvilon
Fedhas
Gozag
Kikubaaqudgha
Makhleb
Nemelex Xobeh
Okawaru
Qazlal
Ru
Sif Muna
Trog
Vehumet
Yredelemnul
Zin
The Shining One

Shops:
D:6 *   D:9 [


Message History

Things that are here:
a falchion of freezing; a robe; a worker ant corpse You butcher the worker ant corpse.
A cyclops comes into view.
Things that are here:
a falchion of freezing; a robe; a chunk of flesh Eat a chunk of flesh? (ye/n/q/i?) This raw flesh tastes terrible.
You are feeling hungry.
The cyclops throws a large rock.
The large rock hits you but does no damage.
You continue eating. x2
The cyclops throws a large rock.
The large rock hits you!!
* * * LOW HITPOINT WARNING * * *
The cyclops throws a large rock.
The large rock hits you!
* * * LOW HITPOINT WARNING * * *
Items here: ( )) † a large rock; a giant spiked club; a giant club; a two-headed ogre corpse The cyclops hits you!!
You die...

#..####.#.#.#######
#... ..#.#.......#
##.# ####.#######.#
... ..# #...# ###
### #.### #)# # #(#
# #####.#(####...#
........@......#
#####.#.#C.....#
#:#.#...#..# #
..#..... #
..##...#... #..
...# #. ... ..>.
###. .#.#.


You could see a cyclops.

Vanquished Creatures
  The ghost of profreshinal the Severer, a journeyman HOBe of Trog (D:9)
  Pikel (D:8)
  A hill giant (D:10)
  2 ugly things
  A komodo dragon (D:10)
  2 two-headed ogres
  A troll (D:10)
  A human (D:7)
  2 hungry ghosts (D:10)
  2 hippogriffs
  A hog (D:7)
  A water moccasin (D:10)
  4 orc warriors
  A black bear (D:8)
  2 slaves (D:8)
  4 ice beasts
  A phantom (D:5)
  3 ogres
  The ghost of vible the Cudgeler, an amateur FoAE (D:3)
  5 centaurs
  A necrophage (D:10)
  A big kobold (D:10)
  3 giant frogs
  Blork the orc (D:6)
  A wyvern zombie (D:10)
  3 scorpions
  6 wights
  3 killer bees (D:9)
  2 crimson imps
  3 orc priests
  A giant frog zombie (D:6)
  A jelly (D:9)
  A centaur skeleton (D:5)
  3 giant frog skeletons
  7 hounds
  2 iguanas
  16 orc wizards
  13 worker ants
  A killer bee zombie (D:5)
  3 sheep (D:7)
  3 hound skeletons
  A worker ant zombie (D:9)
  7 gnolls
  9 adders
  An adder zombie (D:5)
  2 oozes (D:2)
  4 worms
  2 giant geckos
  23 orcs
  10 giant cockroaches
  6 hobgoblins
  14 kobolds
  A quokka (D:2)
  2 ball pythons
  5 bats
  10 giant newts
  6 goblins
  2 quokka zombies (D:8)
  4 rats
221 creatures vanquished.

Vanquished Creatures (others)
  A worker ant (D:6)
  A plant (D:10)
2 creatures vanquished.

Grand Total: 223 creatures vanquished

Notes
Turn   | Place    | Note
--------------------------------------------------------------
     0 | D:1      | Kloppie the Hill Orc Fighter began the quest for the Orb.
     0 | D:1      | Reached XP level 1. HP: 19/19 MP: 1/1
   147 | D:1      | Reached XP level 2. HP: 19/26 MP: 2/2
   363 | D:1      | Reached skill level 4 in Axes
   692 | D:2      | Reached XP level 3. HP: 26/31 MP: 3/3
   941 | D:2      | Reached skill level 5 in Axes
  1360 | D:2      | Reached XP level 4. HP: 39/39 MP: 4/4
  1572 | D:3      | Found a deep blue altar of Sif Muna.
  1574 | D:3      | Found a sacrificial altar of Ru.
  1709 | D:3      | Noticed vible's ghost (amateur FoAE)
  1726 | D:3      | Killed vible's ghost
  1726 | D:3      | Reached skill level 7 in Axes
  1726 | D:3      | Reached XP level 5. HP: 20/45 MP: 5/5
  2040 | D:3      | HP: 2/45 [poisoned by an orc wizard]
  2081 | D:3      | HP: 2/45 [poisoned by an orc wizard]
  2089 | D:3      | HP: 2/45 [poisoned by an orc wizard]
  2571 | D:3      | Found a stormy altar of Qazlal.
  2698 | D:4      | Reached skill level 8 in Axes
  2698 | D:4      | Reached XP level 6. HP: 46/51 MP: 6/6
  2759 | D:4      | Noticed an ogre
  2766 | D:4      | Killed an ogre
  2784 | D:4      | Reached skill level 9 in Axes
  3156 | D:4      | Noticed an ogre
  3163 | D:4      | Killed an ogre
  3163 | D:4      | Reached XP level 7. HP: 35/57 MP: 7/7
  3444 | D:4      | Reached skill level 10 in Axes
  3725 | D:4      | Found a stormy altar of Qazlal.
  3891 | D:5      | Entered Level 5 of the Dungeon
  4177 | D:5      | Found a staircase to the Ecumenical Temple.
  4182 | Temple   | Entered the Ecumenical Temple
  4274 | Temple   | Became a worshipper of Makhleb the Destroyer
  4377 | D:5      | Reached skill level 11 in Axes
  4546 | D:5      | Reached XP level 8. HP: 62/64 MP: 8/8
  4654 | D:5      | Reached skill level 12 in Axes
  5138 | D:6      | Found Lice's Assorted Antiques.
  5143 | D:6      | Bought a scroll labeled WATURE LOCEPH for 32 gold pieces
  5143 | D:6      | Bought a scroll labeled WATURE LOCEPH for 32 gold pieces
  5143 | D:6      | Bought a scroll labeled BEDINE ECUNA for 32 gold pieces
  5178 | D:6      | Reached skill level 13 in Axes
  5205 | D:6      | Noticed Blork the orc
  5216 | D:6      | Killed Blork the orc
  5216 | D:6      | Reached * piety under Makhleb
  5230 | D:6      | Got a fine golden ring
  5231 | D:6      | Identified the ring of Ru's Favour {Str+5 Dex+6 Stlth+} (You found it on level 6 of the Dungeon)
  5682 | D:6      | Found a deep blue altar of Sif Muna.
  5829 | D:6      | Reached skill level 14 in Axes
  5829 | D:6      | Reached XP level 9. HP: 53/70 MP: 9/9
  6608 | D:7      | Reached skill level 15 in Axes
  6792 | D:7      | Found an opulent altar of Gozag.
  7202 | D:8      | Reached skill level 16 in Axes
  7230 | D:8      | Reached ** piety under Makhleb
  7231 | D:8      | Noticed Pikel
  7242 | D:8      | Killed Pikel
  7242 | D:8      | Reached XP level 10. HP: 74/77 MP: 10/10
  7696 | D:8      | Found a bloodstained altar of Trog.
  7697 | D:8      | Found an iron altar of Okawaru.
  7701 | D:8      | Reached skill level 17 in Axes
  7771 | D:9      | Noticed profreshinal's ghost (journeyman HOBe)
  7786 | D:9      | Killed profreshinal's ghost
  8061 | D:9      | Reached skill level 18 in Axes
  8238 | D:9      | Found Estim's Armour Shoppe.
  8773 | D:10     | Entered Level 10 of the Dungeon
  8862 | D:10     | Noticed a purple ugly thing
  8879 | D:10     | Killed a purple ugly thing
  8911 | D:10     | Reached *** piety under Makhleb
  9035 | D:10     | Reached skill level 19 in Axes
  9194 | D:10     | Noticed a hill giant
  9198 | D:10     | Killed a hill giant
  9198 | D:10     | Reached XP level 11. HP: 67/82 MP: 11/11
  9314 | D:10     | Found a staircase to the Lair.
  9653 | D:11     | Reached skill level 20 in Axes
  9668 | D:11     | Reached **** piety under Makhleb
  9686 | D:11     | Mangled by a cyclops

Action                   |  1- 3 |  4- 6 |  7- 9 | 10-12 || total
-------------------------+-------+-------+-------+-------++-------
Melee: War axe           |   123 |   138 |   190 |       ||   451
       Battleaxe         |       |       |   115 |   265 ||   380
  Use: Scroll            |       |    16 |     4 |       ||    20
       Potion            |       |     2 |       |     3 ||     5
  Eat: Chunk             |     1 |     6 |    12 |    11 ||    30
       Fruit             |       |       |     2 |       ||     2
       Pizza             |       |       |       |     5 ||     5
